 Dungeon Crawl Stone Soup version 0.30.1-11-g7821555f0a (webtiles) character file.

Game seed: 15204595587077531517

197 Curundu the Chopper (level 5, -3/45 HPs)
             Began as a Minotaur Berserker on Jan 11, 2024.
             Was a Believer of Trog.
             Killed by divine providence
             ... invoked by an orc priest
              (11 damage)
             ... on level 4 of the Dungeon.
             The game lasted 00:07:00 (2643 turns).

Curundu the Chopper (Minotaur Berserker)            Turns: 2643, Time: 00:07:00

Health: -3/45      AC:  8    Str: 24    XL:     5   Next: 46%
Magic:  4/4        EV: 14    Int:  4    God:    Trog [**....]
Gold:   172        SH:  0    Dex:  9    Spells: 4/4 levels left

rFire   . . .        a - +0 hand axe
rCold   . . .        (no shield)
rNeg    . . .        f - +0 chain mail
rPois   .            (helmet restricted)
rElec   .            (no cloak)
rCorr   .            (no gloves)
SInv    .            (no boots)
Will    .....        (no amulet) Stlth
                     j - +5 ring of evasion
HPRegen 0.27/turn    (no ring)
MPRegen 0.09/turn

%: no passive effects
@: no status effects
A: horns 2, retaliatory headbutt
a: Renounce Religion, Berserk, Trog's Hand


You were on level 4 of the Dungeon.
You worshipped Trog.
Trog was pleased with you.
You visited 1 branch of the dungeon, and saw 4 of its levels.

You collected 172 gold pieces.

Inventory:

Hand Weapons
 a - a +0 hand axe (weapon)
Missiles
 h - 5 poisoned darts (quivered)
Armour
 f - a +0 chain mail (worn)
Jewellery
 j - a +5 ring of evasion (left hand)
Scrolls
 b - a scroll of identify
 k - a scroll of teleportation
 l - a scroll of poison
Potions
 c - a potion of heal wounds {unknown}
 d - a potion of cancellation
 e - a potion of might {unknown}
 g - 2 potions of curing
 i - a potion of attraction {unknown}
 m - a potion of mutation {unknown}
 n - a potion of degeneration {unknown}


   Skills:
 - Level 3.6 Fighting
 + Level 7.5 Axes
 - Level 2.4 Armour
 - Level 2.1 Dodging


You had 4 spell levels left.
You didn't know any spells.
Your spell library was empty.

Dungeon Overview and Level Annotations

Branches:
Dungeon (4/15)
 Temple: D:4-7

Altars:

Shops:
D:1 :


Innate Abilities, Weirdness & Mutations

You have a pair of horns on your head.
You reflexively headbutt those who attack you in melee.


Message History

You kill the orc!
Trog accepts your kill.
You closely miss the phantom.
The phantom is almost destroyed.
The phantom misses you. The gnoll closely misses you.
You closely miss the phantom.
The phantom is almost destroyed.
The phantom hits you.
The phantom blinks!
You blink.
Found a stone staircase leading down.
The phantom closely misses you.
You miss the phantom.
The phantom is almost destroyed.
The phantom hits you but does no damage.
The orc priest mumbles some strange prayers to Beogh against you.
Beogh smites you!
You closely miss the phantom. Your headbutt misses the phantom.
The phantom is almost destroyed.
The phantom hits you.
You barely miss the phantom.
The phantom is almost destroyed.
The phantom hits you.
You hit the phantom but do no damage.
The phantom is almost destroyed.
The phantom completely misses you.
You closely miss the phantom.
The phantom is almost destroyed.
The phantom barely misses you.
The orc shouts!
The phantom misses you.
The orc priest calls down the wrath of Beogh upon you.
You barely resist.
The orc priest looks satisfied for a moment.
The orc priest calls down the wrath of Beogh upon you.
Pain shoots through your body!
* * * LOW HITPOINT WARNING * * *
The phantom misses you.
There is a stone staircase leading down here.
The orc priest invokes the aid of Beogh against you.
Beogh smites you!
You die...

. .. ... ....
.....
......####
.......@>#
####.###W###
#.o.# #o#o#
#g#.## #
#o...
#o##.#.#.
...#.#..
#####.#.#####


You could see a phantom, an orc priest, a gnoll and 3 orcs.

Vanquished Creatures
  A scorpion (D:4)
  A jelly (D:3)
  3 gnolls (D:4)
  2 adders
  A dart slug (D:3)
  An orc (D:4)
  3 ball pythons
  9 bats
  5 endoplasms
  6 goblins
  4 hobgoblins
  2 jackals (D:2)
  9 kobolds
  2 quokkas
  3 frilled lizards
  7 rats
59 creatures vanquished.

Notes
Turn   | Place    | Note
-------+----------+-------------------------------------------
     0 | D:1      | Curundu the Minotaur Berserker began the quest for the Orb.
     0 | D:1      | Reached XP level 1. HP: 19/19 MP: 0/0
    69 | D:1      | Reached skill level 4 in Axes
   192 | D:1      | Reached XP level 2. HP: 26/26 MP: 1/1
   340 | D:1      | Found Jaovuvvu's Book Emporium.
   862 | D:2      | Reached skill level 5 in Axes
   862 | D:2      | Reached XP level 3. HP: 30/31 MP: 2/2
   890 | D:2      | Reached ** piety under Trog
  1863 | D:3      | Reached skill level 6 in Axes
  1863 | D:3      | Reached XP level 4. HP: 17/39 MP: 3/3
  2413 | D:4      | Noticed a scorpion
  2436 | D:4      | Killed a scorpion
  2437 | D:4      | Reached skill level 7 in Axes
  2437 | D:4      | Reached XP level 5. HP: 12/45 MP: 4/4
  2621 | D:4      | Noticed a phantom
  2643 | D:4      | Killed from afar by an orc priest

Illustrated notes

Levels and vault maps discovered:
D:1:      minmay_arrival_split_and_join, layout_loops_ring, serial_shops,
          nicolae_shop_getting_attention
D:2:      layout_loops_ring, st_stairs_13
D:3:      layout_loops_ring
D:4:      lemuel_castle_with_subvaults [lemuel_castle_interior_original],
          layout_basic, kb_xom_exploding_sheep, hangedman_decor_opposing,
          nicolae_nh_oracle_at_delphi

Skill      XL: |  1  2  3  4 |
---------------+-------------+-----
Axes           | 4 5 6 7 |  7.5
Fighting       | |  3.6
Armour         | |  2.4
Dodging        | |  2.1

Action                     |  1- 3 |  4- 6 || total
---------------------------+-------+-------++-------
  Melee: Hand axe          |    99 |    45 ||   144
         Headbutt          |    10 |     3 ||    13
    Use: Scroll            |     6 |     3 ||     9
 Armour: Chain mail        |    50 |    11 ||    61
  Dodge: Dodged            |    53 |    32 ||    85
